 Dungeon Crawl Stone Soup version 0.30.1-11-g7821555f0a (webtiles) character file.

Game seed: 1290583850240964292

59 Dordric the Slasher (level 4, 0/34 HPs)
             Began as a Barachi Gladiator on Oct 31, 2023.
             Hit by a stone thrown by a kobold (2 damage)
             ... on level 2 of the Dungeon.
             The game lasted 00:01:31 (1266 turns).

Dordric the Slasher (Barachi Gladiator)             Turns: 1266, Time: 00:01:31

Health: 0/34       AC:  6    Str: 15    XL:     4   Next: 3%
Magic:  4/4        EV: 12    Int:  9    God:
Gold:   119        SH:  0    Dex: 15    Spells: 3/3 levels left

rFire   . . .        a - +0 long sword
rCold   . . .        (no shield)
rNeg    . . .        k - +0 ring mail
rPois   .            c - +0 helmet
rElec   .            (no cloak)
rCorr   .            (no gloves)
SInv    .            (no boots)
Will    .....        (no amulet)
Stlth   +            (no ring)
HPRegen 0.25/turn    (no ring)
MPRegen 0.09/turn

%: no passive effects
@: unable to hop, slowed, very slow
A: amphibious, slowness 1, strong legs 1, +LOS
a: Hop


You were on level 2 of the Dungeon.
You visited 1 branch of the dungeon, and saw 2 of its levels.

You collected 119 gold pieces.

Inventory:

Hand Weapons
 a - a +0 long sword (weapon)
Missiles
 d - 3 throwing nets (quivered)
 e - a javelin
Armour
 b - a +0 leather armour
 c - a +0 helmet (worn)
 k - a +0 ring mail (worn)
 m - a +0 scale mail
Scrolls
 f - 2 scrolls of fog {unknown}
 g - a scroll of brand weapon {unknown}
 h - a scroll of amnesia {unknown}
 i - a scroll of identify {unknown}
Potions
 j - a potion of mutation {unknown}
 l - a potion of degeneration {unknown}


   Skills:
 - Level 2.4 Fighting
 + Level 5.4 Long Blades
 - Level 2.0 Throwing
 + Level 3.7 Dodging


You had 3 spell levels left.
You didn't know any spells.
Your spell library was empty.

Dungeon Overview and Level Annotations

Branches:
Dungeon (2/15)

Altars:

Annotations:
D:2 Jessica


Innate Abilities, Weirdness & Mutations

You are amphibious.
You cover ground slowly.
You can hop short distances.
You have an extended range of vision and can be seen from far away.


Message History

Jessica casts a spell.
Jessica blinks!
The kobold throws a stone.
The stone barely misses you.
The stone barely misses Jessica.
The kobold barely misses you. The kobold closely misses you.
You hit the kobold but do no damage. The kobold hits you but does no damage.
Jessica hits you but does no damage. The kobold closely misses you.
Jessica hits you with a +0 club.
You closely miss Jessica.
Jessica is almost dead.
Jessica hits you but does no damage. The kobold hits you but does no damage.
Jessica hits you with a +0 club.
You are too injured to fight recklessly!
You are too injured to fight recklessly!
You are too injured to fight recklessly!
You closely miss Jessica.
Jessica is almost dead.
Jessica hits you with a +0 club. The kobold closely misses you.
Jessica hits you but does no damage. The kobold hits you with a +0 club.
Jessica hits you with a +0 club.
* * * LOW HITPOINT WARNING * * *
You barely miss Jessica.
Jessica is almost dead.
Jessica points at you and mumbles some strange words.
You barely resist. The kobold hits you with a +0 club.
* * * LOW HITPOINT WARNING * * *
Jessica gestures at you while chanting. Pain shoots through your body!
* * * LOW HITPOINT WARNING * * *
The kobold hits you with a +0 club.
* * * LOW HITPOINT WARNING * * *
Hop to where?
Press: ? - help, Dir - move target, f - Jessica
Aim: Jessica, wielding a +0 club and wearing a +0 robe (almost dead, fast)
You can't hop onto Jessica!
Hop to where?
Press: ? - help, Dir - move target, p - Jessica Boing!
Jessica casts a spell.
Jessica blinks!
The kobold throws a stone.
The stone hits you.
You die...

### ####
#.###..####
#.........#
#.###..##.########
#.#..............#
#@#.#####.######.#
#.#.#..........#.#
#§#.#..........#.#
#○#.#..........#.#
#K#.#####'######.#
#.#............#.#
#@#######.####.#.#
... ............
### ##########.#.#


You could see Jessica (fast) and a kobold.

Vanquished Creatures
  An adder (D:2)
  A gnoll (D:1)
  A dart slug (D:2)
  5 ball pythons
  2 bats
  2 giant cockroaches (D:1)
  2 goblins (D:1)
  5 hobgoblins
  7 jackals (D:1)
  3 frilled lizards (D:2)
  4 kobolds
  2 rats
35 creatures vanquished.

Notes
Turn   | Place    | Note
-------+----------+-------------------------------------------
     0 | D:1      | Dordric the Barachi Gladiator began the quest for the Orb.
     0 | D:1      | Reached XP level 1. HP: 17/17 MP: 1/1
    75 | D:1      | Reached skill level 4 in Long Blades
   129 | D:1      | Reached XP level 2. HP: 22/23 MP: 2/2
   298 | D:1      | Reached skill level 5 in Long Blades
   298 | D:1      | Reached XP level 3. HP: 24/28 MP: 3/3
  1144 | D:2      | Reached XP level 4. HP: 34/34 MP: 4/4
  1250 | D:2      | Noticed Jessica
  1266 | D:2      | Hit by a stone thrown by a kobold

Illustrated notes

Levels and vault maps discovered:
D:1:      dpeg_arrival_pond, layout_loops_ring, serial_park_tiny_pond,
          minmay_crystal_water
D:2:      layout_basic, uniq_jessica

Skill      XL: |  1  2 |
---------------+-------+-----
Long Blades    | 4 5 |  5.4
Fighting       | |  2.4
Throwing       | |  2.0
Dodging        | |  3.7

Action                     |  1- 3 |  4- 6 || total
---------------------------+-------+-------++-------
  Melee: Long sword        |   101 |    17 ||   118
         Punch             |     1 |       ||     1
Ability: Hop               |       |     1 ||     1
 Armour: Leather armour    |    23 |       ||    23
         Ring mail         |    10 |     7 ||    17
  Dodge: Dodged            |    80 |    10 ||    90
